 Dungeon Crawl Stone Soup version 0.25-a0-834-g55863b0b92 (webtiles) character file.

Game seed: 7448486132455771701, levelgen mode: deterministic

12836 grindst0ne the Fighter (level 11, -4/92 HPs)
             Began as a Mummy Fighter on Apr 22, 2020.
             Was an Initiate of Gozag.
             Slain by a minotaur (22 damage)
             ... in a Gauntlet.
             The game lasted 00:21:41 (10808 turns).

grindst0ne the Fighter (Mummy Fighter)             Turns: 10808, Time: 00:21:41

Health: -4/92      AC: 14    Str: 36    XL:     11   Next: 67%
Magic:  15/15      EV:  9    Int: 24    God:    Gozag
Gold:   205        SH: 12    Dex:  6    Spells: 10/10 levels left

rFire    x . .     SeeInvis +   N - +6 war axe "Itrac" {flame, Str+6 Dex-5 Stlth+}
rCold    + + .     Gourm    .   c - +0 kite shield
rNeg     + + +     Faith    .   v - +4 acid dragon scales "Oppud" {+Fly Regen+ rCorr Int+3 Stlth-}
rPois    ∞         Spirit   .   x - +0 hat
rElec    .         Reflect  .   K - +1 cloak {MR+}
rCorr    +         Harm     .   M - +0 pair of gloves of the Abyss {rC+ Str+4}
MR       ++...     NoTele   +   e - +0 pair of boots
Stlth    ..........             (no amulet)
HPRegen  0.65/turn              f - ring of Geipasoh {+Fly Str+7 Int+6 Stlth-}
MPRegen  0.14/turn              J - ring of Knowledge {Str-4 Int+7 Slay+3 SInv}

@: no status effects
A: no food or potions, fire vulnerability, cold resistance 1, negative energy
resistance 3, torment resistance, unbreathing
a: Potion Petition, Call Merchant, Bribe Branch, Renounce Religion, Evoke Flight


You were in a Gauntlet.
You worshipped Gozag.
Gozag was aware of your devotion.
You were not hungry.

You visited 2 branches of the dungeon, and saw 12 of its levels.
You also visited: Gauntlet.

You collected 2188 gold pieces.
You spent 1369 gold pieces at shops.
You paid 614 gold pieces to Gozag.

Inventory:

Hand Weapons
 b - the +7 war axe of Erumikes {drain, rN+}
   (You found it on level 5 of the Dungeon)

   A truly terrible weapon, it drains the life of those it strikes.
   It protects you from negative energy.
 q - a +0 scimitar of flaming
 N - the +6 war axe "Itrac" (weapon) {flame, Str+6 Dex-5 Stlth+}
   (You found it in a Gauntlet)

   It has been specially enchanted to burn those struck by it, causing extra
   injury to most foes and up to half again as much damage against particularly
   susceptible opponents.
   Big, fiery blades are also staple armaments of hydra-hunters.
   It affects your strength (+6).
   It affects your dexterity (-5).
   It makes you more stealthy.
Missiles
 g - 61 poisoned darts
 l - 6 javelins (quivered)
 m - 9 boomerangs
 s - 4 boomerangs of dispersal
 H - 6 atropa-tipped darts
 I - 4 silver boomerangs
Armour
 c - a +0 kite shield (worn)
 e - a +0 pair of boots (worn)
 v - the +4 acid dragon scales "Oppud" (worn) {+Fly Regen+ rCorr Int+3 Stlth-}
   (You found it on level 7 of the Dungeon)

   It affects your intelligence (+3).
   It lets you fly.
   It increases your rate of regeneration.
   It provides partial protection from all sources of acid and corrosion.
   It makes you less stealthy.
 w - a +2 pair of gloves of dexterity
 x - a +0 hat (worn)
 G - a +0 chain mail of poison resistance
 K - a +1 cloak of magic resistance (worn)
 M - the +0 pair of gloves of the Abyss (worn) {rC+ Str+4}
   (You found it in a Gauntlet)

   It affects your strength (+4).
   It protects you from cold.
Jewellery
 f - the ring of Geipasoh (left hand) {+Fly Str+7 Int+6 Stlth-}
   (You bought it in a shop on level 11 of the Dungeon)

   [ring of flight]

   It affects your strength (+7).
   It affects your intelligence (+6).
   It lets you fly.
   It makes you less stealthy.
 u - an uncursed ring of protection from magic
 C - an uncursed ring of wizardry
 J - the ring of Knowledge (right hand) {Str-4 Int+7 Slay+3 SInv}
   (You bought it in a shop on level 11 of the Dungeon)

   [ring of see invisible]

   It affects your strength (-4).
   It affects your intelligence (+7).
   It affects your accuracy and damage with ranged weapons and melee attacks
   (+3).
   It lets you see invisible.
 L - the ring of Harr {rF+ rN+ MP+9 Int+2}
   (You found it in a Gauntlet)

   [ring of magical power]

   It affects your intelligence (+2).
   It protects you from fire.
   It protects you from negative energy.
   It affects your magic capacity (+9).
Wands
 a - a wand of iceblast (12)
 r - a wand of paralysis (6)
 t - a wand of polymorph (12)
 A - a wand of disintegration (15)
 F - a wand of enslavement (9)
Scrolls
 d - 2 scrolls of fear
 h - 2 scrolls of teleportation
 i - a scroll of enchant weapon {unknown}
 j - a scroll of amnesia {unknown}
 k - 3 scrolls of fog
 n - 2 scrolls of magic mapping {unknown}
 o - a scroll of enchant armour
 p - 7 scrolls of remove curse
 B - a scroll of silence
 D - a scroll of blinking {unknown}
 E - a scroll of immolation {unknown}
Miscellaneous
 y - a phantom mirror
 z - a tin of tremorstones


   Skills:
 + Level 10.5 Fighting
 + Level 8.7 Axes
 - Level 2.4 Armour
 + Level 8.9 Shields
 - Level 6.0 Evocations


You had 10 spell levels left.
You didn't know any spells.
Your spell library contained the following spells:

 Spells                   Type           Power        Failure   Level  Hunger
 Ignite Poison            Fire/Tmut/Pois #.......     73%         3    N/A
 Cause Fear               Hex            #.........   98%         4    N/A
 Fireball                 Conj/Fire      #.........   100%        5    N/A
 Silence                  Hex/Air        #.........   100%        5    N/A
 Yara's Violent Unravell  Hex/Tmut       #.........   100%        5    N/A
 Starburst                Conj/Fire      #.........   100%        6    N/A
 Ring of Flames           Chrm/Fire      #.........   100%        7    N/A
 Discord                  Hex            #.........   100%        8    N/A
 Ignition                 Fire           #.........   100%        8    N/A

Dungeon Overview and Level Annotations

Branches:
Dungeon (11/15)            Temple (1/1) D:4            Lair (0/6) D:8
Gauntlet (1/1)
    Orc: D:9-12

Altars:
Ashenzari
Dithmenos
Fedhas
Gozag
Kikubaaqudgha
Nemelex Xobeh
Qazlal
Ru
Trog
Uskayaw
Wu Jian
Xom
Zin
The Shining One

Shops:
D:5 }   D:11 =

Annotations:
D:5 1 runed translucent door, kae's ghost, novice TeAE
D:6 1 runed translucent door, SatoMori's ghost, novice HOMo Gauntlet 6 transporters, 17 runed translucent doors


Innate Abilities, Weirdness & Mutations

You do not eat or drink.
Your flesh is vulnerable to fire.
You are immune to poison.
Your flesh is cold resistant. (rC+)
You are immune to negative energy. (rN+++)
You are immune to unholy pain and torment.
You can survive without breathing.


Message History

You slash the minotaur! You burn the minotaur.
The minotaur is moderately wounded.
The minotaur hits you! You block the minotaur's attack.
You slash the minotaur! You burn the minotaur.
The minotaur is heavily wounded.
You block the minotaur's attack. The minotaur gores you!
The minotaur completely misses you. The minotaur gores you!
Okay, then.
You hit the minotaur but do no damage.
The minotaur is heavily wounded.
You block the minotaur's attack. The minotaur barely misses you.
You slice the minotaur!! You burn the minotaur.
The minotaur is severely wounded.
The minotaur closely misses you. The minotaur gores you!
* * * LOW HITPOINT WARNING * * *
You hit the minotaur but do no damage.
The minotaur is severely wounded.
The minotaur hits you!!
You die...
Your body crumbles into a pile of gold.

#####..#..##
#≈8≈#..#..'.
#######...#..#©.'.
#....##.8.#..#..'.
#.##.##...#..#..##
#.##....8.#..#...+
#.##.##...#..#...+
#....##...#..#####
#@##.##.©.#≈......
#≈∩...H.##......#∩......
#≈≈.#.#.##.##.©.#≈......
#≈ #.#....##...#..#####
# #.##.##...#..#^...
#.##....8.#..#.^##
#.##.##...#..#.##.
#....##.8.#..#.#.# ##
#...#..#.##.


You could see a minotaur.

Vanquished Creatures
  Erica (D:8)
  A two-headed ogre (D:9)
  2 thrashing horrors (Gauntlet)
  Nergalle (D:10)
  Pikel (D:7)
  An ugly thing (D:11)
  Joseph (D:10)
  A komodo dragon (D:8)
  2 hippogriffs (D:7)
  A raiju (Gauntlet)
  9 yaks (D:9)
  A spriggan (D:8)
  2 steam dragons (Gauntlet)
  Edmund (D:4)
  2 hungry ghosts
  3 orc warriors
  2 sky beasts
  An ice beast (D:11)
  7 phantoms
  3 necrophages
  5 ogres
  A centaur (D:5)
  2 small abominations (Gauntlet)
  2 crocodiles
  7 bullfrogs
  Blork the orc (D:5)
  A wyvern zombie (D:10)
  5 scorpions
  A wyvern skeleton (D:6)
  7 howler monkeys
  11 wights
  3 crimson imps
  A quasit (D:7)
  A centaur zombie (D:7)
  4 hounds
  4 orc priests
  6 jellies
  10 orc wizards
  3 bullfrog skeletons
  2 centaur skeletons
  6 iguanas
  Ijyb (D:5)
  Terence (D:2)
  10 worker ants
  4 hound skeletons
  2 howler monkey skeletons
  2 worker ant zombies
  10 adders
  3 shadow imps
  An ooze (D:6)
  3 adder skeletons
  2 adder zombies (D:7)
  A worm (D:3)
  4 dart slugs
  2 leopard geckos
  40 orcs
  A ball python (D:4)
  3 giant cockroaches
  5 goblins
  7 hobgoblins
  19 jackals
  A quokka (D:8)
  5 bats
  4 frilled lizards
  9 kobolds
  7 rats
273 creatures vanquished.

Vanquished Creatures (others)
  7 fungi (Gauntlet)
  6 plants
13 creatures vanquished.

Grand Total: 286 creatures vanquished

Notes
Turn   | Place    | Note
-------+----------+-------------------------------------------
     0 | D:1      | grindst0ne the Mummy Fighter began the quest for the Orb.
     0 | D:1      | Reached XP level 1. HP: 18/18 MP: 1/1
    86 | D:1      | Reached XP level 2. HP: 17/24 MP: 2/2
   305 | D:1      | Reached XP level 3. HP: 21/29 MP: 3/3
   610 | D:2      | Noticed Terence
   630 | D:2      | Killed Terence
   630 | D:2      | Reached XP level 4. HP: 7/37 MP: 4/4
  2183 | D:4      | Reached skill level 4 in Fighting
  2183 | D:4      | Reached XP level 5. HP: 7/42 MP: 5/5
  2589 | D:4      | Found a staircase to the Ecumenical Temple.
  2599 | Temple   | Entered the Ecumenical Temple
  2694 | Temple   | Became a worshipper of Gozag Ym Sagoz the Greedy
  2848 | D:4      | Reached XP level 6. HP: 36/49 MP: 6/6
  3184 | D:4      | Reached skill level 5 in Fighting
  3470 | D:4      | Reached XP level 7. HP: 49/56 MP: 7/7
  3547 | D:4      | Noticed Edmund
  3570 | D:4      | Killed Edmund
  3945 | D:5      | Entered Level 5 of the Dungeon
  3985 | D:5      | Found a runed translucent door.
  3997 | D:5      | Got an encrusted war axe
  3998 | D:5      | Identified the +7 war axe of Erumikes {drain, rN+} (You
                  | found it on level 5 of the Dungeon)
  4111 | D:5      | Noticed Ijyb
  4122 | D:5      | Killed Ijyb
  4127 | D:5      | Noticed Blork the orc
  4135 | D:5      | Killed Blork the orc
  4141 | D:5      | Reached skill level 6 in Fighting
  4147 | D:5      | Reached skill level 5 in Shields
  4147 | D:5      | Reached XP level 8. HP: 19/64 MP: 8/8
  4482 | D:5      | Found Virph's Gadget Boutique.
  4741 | D:5      | Reached skill level 1 in Evocations
  4859 | D:5      | Reached skill level 5 in Axes
  4952 | D:5      | Noticed kae's ghost (novice TeAE)
  5345 | D:5      | Reached skill level 7 in Fighting
  5454 | D:5      | Found an opulent altar of Gozag.
  5630 | D:6      | Found a runed translucent door.
  5640 | D:6      | Noticed SatoMori's ghost (novice HOMo)
  5878 | D:6      | Reached XP level 9. HP: 71/72 MP: 11/11
  6484 | D:7      | Got brightly glowing acid dragon scales
  6507 | D:7      | Identified the +4 acid dragon scales "Oppud" {+Fly Regen+
                  | rCorr Int+3 Stlth-} (You found it on level 7 of the
                  | Dungeon)
  6604 | D:7      | Noticed Pikel
  6615 | D:7      | Killed Pikel
  6615 | D:7      | Reached skill level 8 in Fighting
  6844 | D:7      | Reached XP level 10. HP: 66/81 MP: 13/13
  7364 | D:8      | Found a shattered altar of Ashenzari.
  7480 | D:8      | Noticed Erica
  7493 | D:8      | Killed Erica
  7493 | D:8      | Reached skill level 5 in Evocations
  7708 | D:8      | Found a staircase to the Lair.
  7803 | D:8      | Reached skill level 9 in Fighting
  7952 | D:8      | Found a sparkling altar of Nemelex Xobeh.
  8925 | D:9      | Noticed a two-headed ogre
  8929 | D:9      | Killed a two-headed ogre
  8929 | D:9      | Reached XP level 11. HP: 88/89 MP: 15/15
  9454 | D:10     | Entered Level 10 of the Dungeon
  9478 | D:10     | Noticed Joseph
  9485 | D:10     | Killed Joseph
  9636 | D:10     | Noticed Nergalle
  9646 | D:10     | Killed Nergalle
  9669 | D:10     | Reached skill level 10 in Fighting
 10114 | D:11     | Noticed a brown ugly thing
 10133 | D:11     | Killed a brown ugly thing
 10221 | D:11     | Found Fimaifu's Jewellery Boutique.
 10239 | D:11     | Bought the ring of Geipasoh {+Fly Str+7 Int+6 Stlth-} for
                  | 756 gold pieces
 10239 | D:11     | Bought the ring of Knowledge {Str-4 Int+7 Slay+3 SInv} for
                  | 613 gold pieces
 10319 | D:11     | Found a gate leading to a gauntlet.
 10328 | Gauntlet | Entered a Gauntlet
 10328 | Gauntlet | Found a transporter.
 10328 | Gauntlet | Found a transporter.
 10329 | Gauntlet | Found a transporter.
 10332 | Gauntlet | Found a transporter.
 10332 | Gauntlet | Found a transporter.
 10332 | Gauntlet | Found a transporter.
 10343 | Gauntlet | Noticed a ghost crab
 10346 | Gauntlet | Found a transporter.
 10348 | Gauntlet | Found a transporter.
 10348 | Gauntlet | Found a large runed translucent door.
 10349 | Gauntlet | Found a large runed translucent door.
 10350 | Gauntlet | Found a large runed translucent door.
 10350 | Gauntlet | Found a large runed translucent door.
 10350 | Gauntlet | Found a runed translucent door.
 10351 | Gauntlet | Found a large runed translucent door.
 10353 | Gauntlet | Found a large runed translucent door.
 10353 | Gauntlet | Found a large runed translucent door.
 10353 | Gauntlet | Found a large runed translucent door.
 10354 | Gauntlet | Found a runed translucent gate.
 10355 | Gauntlet | Found a transporter.
 10355 | Gauntlet | Found a transporter.
 10355 | Gauntlet | Found a runed translucent gate.
 10355 | Gauntlet | Noticed a catoblepas
 10355 | Gauntlet | Noticed a thrashing horror
 10355 | Gauntlet | Noticed a thrashing horror
 10356 | Gauntlet | Found a transporter.
 10366 | Gauntlet | Found a transporter.
 10462 | Gauntlet | Found a large runed translucent door.
 10463 | Gauntlet | Found a large runed translucent door.
 10464 | Gauntlet | Found a large runed translucent door.
 10464 | Gauntlet | Found a large runed translucent door.
 10464 | Gauntlet | Found a runed translucent door.
 10465 | Gauntlet | Found a large runed translucent door.
 10466 | Gauntlet | Found a large runed translucent door.
 10467 | Gauntlet | Found a large runed translucent door.
 10467 | Gauntlet | Found a large runed translucent door.
 10468 | Gauntlet | Found a runed translucent gate.
 10639 | Gauntlet | Got a scintillating granite ring
 10644 | Gauntlet | Identified the ring of Harr {rF+ rN+ MP+9 Int+2} (You found
                  | it in a Gauntlet)
 10711 | Gauntlet | Killed a thrashing horror
 10736 | Gauntlet | Killed a thrashing horror
 10770 | Gauntlet | Got a pair of faintly humming gloves
 10781 | Gauntlet | Identified the +0 pair of gloves of the Abyss {rC+ Str+4}
                  | (You found it in a Gauntlet)
 10785 | Gauntlet | Got an ancient war axe
 10786 | Gauntlet | Identified the +6 war axe "Itrac" {flame, Str+6 Dex-5
                  | Stlth+} (You found it in a Gauntlet)
 10797 | Gauntlet | Noticed a minotaur
 10808 | Gauntlet | Slain by a minotaur

Levels and vault maps discovered:
D:1:      dpeg_arrival_shelter, layout_rooms, minmay_misc_feat_columns,
          chequers_jeans, nrook_uturn, serial_park_tiny_pond
D:2:      layout_rooms, uniq_terence
D:3:      layout_basic, serial_park_tiny_1
D:4:      layout_layer_cave, minmay_temple_entry_statues_fountains, uniq_edmund
D:5:      lemuel_upstairs_altar, layout_loops_ring, ebering_ghost_sewer_d,
          first_ration, serial_shops, shop, uniq_blork_the_orc, uniq_ijyb
D:6:      layout_loops_corners, ebering_ghost_reflecting_pool
D:7:      minmay_the_grid_octo_triangle [minmay_the_grid_octo_checkerflower,
          minmay_the_grid_octo_prize_ultimate_mussel_roller,
          minmay_the_grid_octo_toaster], layout_loops_ring, uniq_pikel
D:8:      layout_loops_ring, nicolae_ashenzari_panopticon, david_lair_shrubbed,
          the_bakery, nemelex_diamond_rough_becter, uniq_erica
D:9:      layout_grid_maze
D:10:     layout_irregular_city, uniq_joseph, uniq_nergalle
D:11:     layout_basic, minmay_orc_entry_guard_dogs, serial_shops, shop,
          gauntlet_entry_generic
Temple:   kilobyte_greek_temple
Gauntlet: gammafunk_gauntlet_hard_choice [gammafunk_gauntlet_arena_grid,
          gammafunk_gauntlet_arena_split_diamond,
          gammafunk_gauntlet_arena_hedges, nicolae_gauntlet_arena_grate_2,
          minmay_gauntlet_arena_make_your_own_arena,
          gammafunk_gauntlet_arena_spirals, gauntlet_exit_watery]

Skill      XL: |  1  2  3  4  5  6  7  8  9 10 11 |
---------------+----------------------------------+-----
Axes           | 2 3 4 5 6 7 8 |  8.7
Shields        | 3 4 5 6 8 |  8.9
Fighting       | 4 5 6 7 8 9 10 | 10.5
Evocations     | 2 4 6 |  6.0
Armour         | |  2.4

Action                   |  1- 3 |  4- 6 |  7- 9 | 10-12 || total
-------------------------+-------+-------+-------+-------++-------
Melee: War axe           |   122 |   190 |   262 |   309 ||   883
Throw: Dart              |       |    18 |       |     5 ||    23
       Boomerang         |       |    14 |    15 |       ||    29
       Javelin           |       |     8 |    39 |    10 ||    57
Invok: Potion Petition   |       |       |       |     2 ||     2
  Use: Scroll            |       |       |       |     8 ||     8
Armor: Scale mail        |    76 |    33 |       |       ||   109
       Chain mail        |       |    71 |    68 |       ||   139
       Acid dragon scale |       |       |    37 |   104 ||   141
Dodge: Dodged            |    60 |    58 |    70 |    85 ||   273
Block: Kite shield       |    78 |   106 |   114 |   183 ||   481

Table legend:
 A = Non-vault XP
 B = Vault XP
 C = Vault XP percentage of total XP
 D = Non-vault monster count
 E = Vault monster count
 F = Vault count percentage of total count
                 A         B        C        D         E       F
            +---------+---------+-------+---------+---------+-------
      Total |   10998 |    7340 |  40.0 |     235 |      38 |  13.9
            +---------+---------+-------+---------+---------+-------
        D:1 |      47 |       0 |   0.0 |      25 |       0 |   0.0
        D:2 |      61 |      36 |  37.1 |      22 |       1 |   4.3
        D:3 |      12 |       0 |   0.0 |       5 |       0 |   0.0
        D:4 |     671 |     169 |  20.1 |      21 |       1 |   4.5
        D:5 |    1040 |     130 |  11.1 |      31 |       2 |   6.1
        D:6 |     716 |       0 |   0.0 |      16 |       0 |   0.0
        D:7 |    1667 |    1880 |  53.0 |      27 |      22 |  44.9
        D:8 |     655 |    1474 |  69.2 |      19 |       3 |  13.6
        D:9 |    3597 |       0 |   0.0 |      33 |       0 |   0.0
       D:10 |    1213 |    1262 |  51.0 |      16 |       2 |  11.1
       D:11 |    1319 |       0 |   0.0 |      20 |       0 |   0.0
   Gauntlet |       0 |    2389 | 100.0 |       0 |       7 | 100.0
            +---------+---------+-------+---------+---------+-------
